 Dungeon Crawl Stone Soup version 0.29.1-15-g9cfb28693d (console) character file.

Game seed: 4168892027193486822

9 Goreval the Grasshopper (level 2, 26/26 HPs)
             Began as a Gnoll Warper on Feb 24, 2023.
             Was a Follower of Trog.
             Got out of the dungeon alive.
             The game lasted 00:01:11 (942 turns).

Goreval the Grasshopper (Gnoll Warper)               Turns: 942, Time: 00:01:11

Health: 26/26      AC:  3    Str: 10    XL:     2   Next: 12%
Magic:  7/7        EV: 12    Int: 12    God:    Trog [*.....]
Gold:   98         SH:  0    Dex: 11    Spells: 10/10 levels left

rFire   . . .      SeeInvis +   a - +0 spear
rCold   . . .      Faith    .   (no shield)
rNeg    . . .      Spirit   .   b - +0 leather armour
rPois   .          Reflect  .   (no helmet)
rElec   .          Harm     .   (no cloak)
rCorr   .          Rampage  .   (no gloves)
Will    .....                   (no boots)
Stlth   +.........              (no amulet)
HPRegen 0.08/turn               g - ring of see invisible
MPRegen 0.10/turn               (no ring)

@: no status effects
A: fangs 1, strong nose, distributed training
a: Renounce Religion, Berserk


You escaped.
You worshipped Trog.
Trog was aware of your devotion.
You visited 1 branch of the dungeon, and saw 2 of its levels.

You collected 98 gold pieces.

Inventory:

Hand Weapons
 a - a +0 spear (weapon)
Missiles
 d - 6 boomerangs of dispersal (quivered)
Armour
 b - a +0 leather armour (worn)
 l - a +0 buckler
Jewellery
 g - a ring of see invisible (left hand)
 k - an amulet of faith
Scrolls
 c - a scroll of blinking
 e - 2 scrolls of identify {unknown}
 f - a scroll of enchant armour {unknown}
 j - a scroll of amnesia {unknown}
 m - a scroll of butterflies {unknown}
Potions
 h - a potion of might {unknown}
 i - 2 potions of lignification {unknown}


   Skills:
 + Level 4.4 Fighting
 + Level 0.3 Short Blades
 + Level 0.3 Long Blades
 + Level 0.3 Axes
 + Level 0.3 Maces & Flails
 + Level 4.4 Polearms
 + Level 0.3 Staves
 + Level 0.3 Ranged Weapons
 + Level 2.4 Throwing
 + Level 2.4 Armour
 + Level 4.4 Dodging
 + Level 0.3 Stealth
 + Level 0.3 Shields
 + Level 0.3 Unarmed Combat
 + Level 4.9 Spellcasting
 + Level 0.2 Conjurations
 + Level 0.2 Hexes
 + Level 0.2 Summonings
 + Level 0.2 Necromancy
 + Level 5.3 Translocations
 + Level 0.2 Transmutations
 + Level 0.2 Fire Magic
 + Level 0.2 Ice Magic
 + Level 0.2 Air Magic
 + Level 0.2 Earth Magic
 + Level 0.2 Poison Magic
 + Level 0.4 Invocations
 + Level 0.3 Evocations


You had 10 spell levels left.
You didn't know any spells.
Your spell library contained the following spells:

 Spells                   Type           Power      Damage    Failure   Level
 Blink                    Tloc           30%        N/A       4%          2
 Gell's Gravitas          Tloc           15%        N/A       9%          3
 Lesser Beckoning         Tloc           15%        N/A       9%          3
 Teleport Other           Tloc           15%        N/A       9%          3
 Manifold Assault         Tloc           15%        N/A       63%         5


Dungeon Overview and Level Annotations

Branches:
Dungeon (2/15) Zot: 11058

Altars:
Trog


Innate Abilities, Weirdness & Mutations

You have very sharp teeth.
Your uncanny sense of smell can sniff out nearby items.
Your experience applies equally to all skills.


Message History

You cannot tell which god this altar belongs to.
Convert to them anyway?
Trog accepts your prayer! Trog welcomes you!
You can now go berserk at will.
The giant cockroach barely misses you. The giant cockroach misses you.
Okay, then.
Unknown command.
Press < or > to pray at altars.
Unknown command.
Press < or > to pray at altars.
A giant cockroach is nearby!
You hit the giant cockroach but do no damage.
Your bite misses the giant cockroach. The giant cockroach bites you.
You closely miss the giant cockroach.
The giant cockroach bites you but does no damage.
You hit the giant cockroach. The giant cockroach closely misses you.
You hit the giant cockroach but do no damage.
The giant cockroach closely misses you.
You hit the giant cockroach but do no damage.
The giant cockroach closely misses you.
You barely miss the giant cockroach.
The giant cockroach bites you but does no damage.
You hit the giant cockroach.
You kill the giant cockroach!
Trog accepts your kill.
You hit the fungus.
The fungus begins to die.
You bite the fungus. You hit the fungus. You hit the fungus.
You hit the fungus. You hit the fungus.
A nearby fungus withers and dies.
Found a green potion.
There is a stone staircase leading up here.
You climb upwards.
There is a stone staircase leading down here.
There is a large open door here.
There is a large open door here.
There is a large open door here.
There is a staircase leading out of the dungeon here.
Are you sure you want to leave the Dungeon?
This will make you lose the game!
You have escaped!

................................#.#.######..######.#
...#...................####.#...#..................#
...#........................#...#.........##############
...#........................#...#.##...................#
#........#......##..........#.....##......############.#
)...............##................##......# #.#
†...............########.....#............# #.#
.........#................................# #.#
..............##.......#....###...........######## #.#
.####............................................# #.# .#
#.........##.......#...~~~~~~~~..~~~~~~~~###.# #.#
.####..................#...~..8..8....8..8..~# #.# #.#
.......................###.~.######''######.~# #.# #.#
.......................###.~8#~~~~~..~~~~~#8~# #.# #.#
...........................~.#~..........~#.~# #.# #.#
................(...#......≈.#~.########.~#.~# #.# #.#
....###..........####......~.#~..........~#.~###.# #.#
.................##........~.#~~~~~..~~~~~#.~....# #.#
...........................~.######''######.~.##.# #.#
...........................~.#..§.....§§§.#.~.##.# #.#
####......#........##......~.#§≈≈≈≈..§§§§≈#.~....# #.#
#.........#........##...##.~.#≈≈≈≈≈..§≈§§≈#.~###.# #.#
#.........#........##...##.~.#........§...#.~..#.#####.#
#.........#.........#.#.##.~.######''######.~..#.......#
#.........#...........#....~8#.....@......#8~..#..######
#......[..######......#####~.##############.~..#..########
#............(.......>.....~..8..........8..~............#
#.............##...........~~~~~~~~~~~~~~~~~~.##..#####.##
#................................#................# #.#
..............##................................#.#####.#
#####....#....##..........######.#.##########.#.#.......#
##...............................#............#.#######.#
##.#####.#....##..........#####################.# #.#
...#####.#######............................# #.# ###
.........# ########.#.#################.# #.# ##########
#.#.# #.# #.# # #.#.# #.# #.# # #...# #.# #.# #####
#.###.# #.....# #######


There were no monsters in sight!

Vanquished Creatures
  2 giant cockroaches
  2 goblins (D:1)
  A ball python (D:1)
  2 bats
  2 rats (D:1)
9 creatures vanquished.

Vanquished Creatures (others)
  A fungus (D:2)
  A plant (D:2)
2 creatures vanquished.

Grand Total: 11 creatures vanquished

Notes
Turn   | Place    | Note
-------+----------+-------------------------------------------
     0 | D:1      | Goreval the Gnoll Warper began the quest for the Orb.
     0 | D:1      | Reached XP level 1. HP: 20/20 MP: 6/6
   292 | D:1      | Reached XP level 2. HP: 26/26 MP: 7/7
   867 | D:2      | Found a faded altar of an unknown god.
   875 | D:2      | Prayed at the altar of an unknown god.
   875 | D:2      | Became a worshipper of Trog the Wrathful
   875 | D:2      | Reached * piety under Trog
   942 | D:$      | Got out of the dungeon alive.

Illustrated notes

Levels and vault maps discovered:
D:1:      lightli_arrival_isolated_outpost, layout_basic
D:2:      layout_loops_cross, dreamdust_ecumenical_altar_grove,
          minmay_misc_feat_encased, minmay_misc_feat_plants,
          chequers_serial_rivers_small_b

Action                   || total
-------------------------++-------
Melee: Spear             ||    40
       Bite              ||     4
Throw: Boomerang         ||     1
Armor: Leather armour    ||     9
Dodge: Dodged            ||    25
